 Dungeon Crawl Stone Soup version 0.31-a0-4-gefa6de2278 (webtiles) character file.

Game seed: 765790807567582376

334 dracfodder the Chopper (level 6, -2/48 HPs)
             Began as a Demonspawn Berserker on May 4, 2023.
             Was a Priest of Trog.
             Killed from afar by Dowan (19 damage)
             ... with a shard of ice
             ... on level 4 of the Dungeon.
             The game lasted 00:10:38 (2323 turns).

dracfodder the Chopper (Demonspawn Berserker)       Turns: 2323, Time: 00:10:39

Health: -2/48      AC:  5    Str: 20    XL:     6   Next: 27%
Magic:  6/6        EV: 10    Int:  8    God:    Trog [***...]
Gold:   26         SH:  8    Dex: 12    Spells: 5/5 levels left

rFire   . . .        a - +0 war axe
rCold   . . .        n - +1 kite shield
rNeg    . . .        b - +0 ring mail
rPois   .            (no helmet)
rElec   .            (no cloak)
rCorr   .            (no gloves)
SInv    .            (no boots)
Will    .....        (no amulet)
Stlth   +            (no ring)
HPRegen 0.28/turn    (no ring)
MPRegen 0.10/turn

%: no passive effects
@: on berserk cooldown, slowed, very slow
A: sturdy frame 1
a: Renounce Religion, Berserk, Trog's Hand


You were on level 4 of the Dungeon.
You worshipped Trog.
Trog was most pleased with you.
You visited 1 branch of the dungeon, and saw 4 of its levels.

You collected 98 gold pieces.
You spent 72 gold pieces at shops.

Inventory:

Hand Weapons
 a - a +0 war axe (weapon)
 d - a +0 falchion
Missiles
 g - 8 poisoned darts (quivered)
 k - 6 boomerangs of dispersal
 l - 5 javelins
 m - a throwing net
Armour
 b - a +0 ring mail (worn)
 n - a +1 kite shield (worn)
Jewellery
 i - a ring of flight
Scrolls
 p - a scroll of poison {unknown}
 q - a scroll of noise {unknown}
 r - a scroll of blinking {unknown}
Potions
 c - a potion of magic
 e - a potion of heal wounds
 f - 3 potions of brilliance
 h - 6 potions of lignification {unknown}
 j - a potion of ambrosia {unknown}
 o - a potion of might {unknown}


   Skills:
 + Level 3.7 Fighting
 + Level 3.0 Long Blades
 + Level 3.8 Axes
 + Level 1.4 Throwing
 + Level 2.2 Armour
 + Level 2.6 Dodging
 + Level 0.3 Stealth
 + Level 1.0 Shields


You had 5 spell levels left.
You didn't know any spells.
Your spell library was empty.

Dungeon Overview and Level Annotations

Branches:
Dungeon (4/15)
 Temple: D:4-7

Altars:
Cheibriados
Trog
Uskayaw
Vehumet

Shops:
D:3 !

Annotations:
D:4 Dowan


Innate Abilities, Weirdness & Mutations

Your movements are slightly less encumbered by armour. (ER -2)


Message History

You barely miss Dowan.
Dowan is heavily wounded.
You block Dowan's attack. Dowan casts a spell at you. The stone arrow hits you!
* * * LOW HITPOINT WARNING * * *
Dowan hits you with a +0 dagger.
* * * LOW HITPOINT WARNING * * *
You feel much better.
Dowan gestures wildly while chanting.
Dowan blinks!
Found a stone.
Dowan gestures wildly while chanting.
Dowan blinks!
You block Dowan's attack. Dowan completely misses you.
Dowan hits you with a +0 dagger.
You closely miss Dowan.
Dowan is heavily wounded.
You hear the rusting of a very distant drain.
You block Dowan's attack. x2; Dowan closely misses you.
You hit Dowan.
Dowan is severely wounded.
Dowan barely misses you. Dowan completely misses you.
Dowan hits you but does no damage.
You closely miss Dowan.
Dowan is severely wounded.
You block Dowan's attack.
Dowan says, "How can I live without her?"
Dowan casts a spell at you. The shard of ice misses you.
Dowan closely misses you.
You closely miss Dowan.
Dowan is severely wounded.
Dowan hits you with a +0 dagger. You block Dowan's attack.
Dowan hits you with a +0 dagger.
You barely miss Dowan.
Dowan is severely wounded.
You block Dowan's attack. x2; Dowan hits you with a +0 dagger.
Dowan gestures at you while chanting. The shard of ice hits you!!
You die...

#+ #.#### ....
#..#######
#...(.....
#..#######...
#@.#....⌠#...
#e.')...8#...
#..#....⌠#..# ###
##.##+#+##..# ..
#.# #..# . #.#
#..#
#.#######..##
#...........#####
##.....####......


You could see Dowan (fast).

Vanquished Creatures
  Duvessa (D:4)
  An orc priest (D:3)
  An orc wizard (D:3)
  Robin (D:3)
  4 gnolls (D:4)
  4 adders
  A worm (D:3)
  2 dart slugs
  6 orcs
  2 bats
  9 endoplasms
  2 giant cockroaches (D:2)
  17 goblins
  3 hobgoblins (D:3)
  4 jackals (D:3)
  3 quokkas
  5 ball pythons
  A frilled lizard (D:2)
  4 kobolds
  5 rats
76 creatures vanquished.

Vanquished Creatures (others)
  An orc wizard (D:3)
1 creature vanquished.

Grand Total: 77 creatures vanquished

Notes
Turn   | Place    | Note
-------+----------+-------------------------------------------
     0 | D:1      | dracfodder the Demonspawn Berserker began the quest for the
                  | Orb.
     0 | D:1      | Reached XP level 1. HP: 18/18 MP: 1/1
     6 | D:1      | Noticed a snapping turtle
     6 | D:1      | Noticed a hound
     6 | D:1      | Noticed an anaconda
     7 | D:1      | Noticed a killer bee
     7 | D:1      | Noticed a rime drake
   205 | D:1      | Gained mutation: Your movements are slightly less
                  | encumbered by armour. (ER -2) [demonic ancestry]
   205 | D:1      | Reached XP level 2. HP: 24/24 MP: 2/2
   868 | D:2      | Reached XP level 3. HP: 29/29 MP: 3/3
   999 | D:2      | Reached ** piety under Trog
  1087 | D:2      | Found a snail-covered altar of Cheibriados.
  1132 | D:2      | Reached skill level 1 in Axes
  1453 | D:3      | Found a radiant altar of Vehumet.
  1608 | D:3      | Reached XP level 4. HP: 16/35 MP: 4/4
  1796 | D:3      | Reached skill level 1 in Throwing
  1815 | D:3      | Noticed Robin
  1824 | D:3      | Killed Robin
  1825 | D:3      | Reached XP level 5. HP: 28/41 MP: 5/5
  1883 | D:3      | Found a bloodstained altar of Trog.
  1918 | D:3      | Reached *** piety under Trog
  1932 | D:3      | Found Fagycaecs's Distillery.
  1951 | D:3      | Bought a potion of heal wounds for 60 gold pieces
  1951 | D:3      | Bought a potion of degeneration for 12 gold pieces
  2061 | D:3      | Found a hide-covered altar of Uskayaw.
  2296 | D:4      | Noticed Duvessa
  2296 | D:4      | Noticed Dowan
  2304 | D:4      | Killed Duvessa
  2305 | D:4      | Reached skill level 1 in Shields
  2305 | D:4      | Reached XP level 6. HP: 48/48 MP: 6/6
  2323 | D:4      | Killed from afar by Dowan

Illustrated notes

Levels and vault maps discovered:
D:1:      onia_arrival_zoo_common, layout_loops_ring
D:2:      layout_loops_ring, basic_altar
D:3:      layout_rooms, nicolae_uskayaw_suspiria, lemuel_crystal_altar,
          chequers_temple_overflow_statue_of_worship, serial_shops,
          nicolae_shop_window_shopping, uniq_robin
D:4:      dreamdust_elfheim, layout_basic, mainiacjoe_overflow_catwalk,
          nicolae_dithmenos_through_a_glass_darkly,
          minmay_temple_entry_large_hall, cheibrodos_sewer_entry_sluice

Skill      XL: |  1  2  3  4  5 |
---------------+----------------+-----
Dodging        | 2 |  2.6
Long Blades    | 3 |  3.0
Axes           | 1 2 3 |  3.8
Armour         | 2 |  2.2
Throwing       | 1 |  1.4
Shields        | 1 |  1.0
Fighting       | |  3.7
Stealth        | |  0.3

Action                     |  1- 3 |  4- 6 || total
---------------------------+-------+-------++-------
  Melee: War axe           |    92 |    90 ||   182
         Falchion          |     7 |       ||     7
         Punch             |     1 |       ||     1
  Throw: Dart              |    18 |    15 ||    33
 Invoke: Trog's Hand       |     1 |     1 ||     2
         Berserk           |       |     3 ||     3
    Use: Scroll            |     4 |     2 ||     6
         Potion            |     1 |     1 ||     2
   Stab: Sleeping          |     1 |       ||     1
 Armour: Animal skin       |    19 |       ||    19
         Ring mail         |     3 |    22 ||    25
  Dodge: Dodged            |    63 |    40 ||   103
  Block: Kite shield       |    21 |    39 ||    60

Table legend: (Time is in decaauts)
 A = Elapsed time spent in this place.
 B = Non-inter-level travel time spent in this place.
 C = Inter-level travel time spent in this place.
 D = Time resting spent in this place.
 E = Time spent auto-exploring this place.
 F = Levels seen in this place.
 G = Mean time per level.
                   A        B        C        D        E       F      G
               +--------+--------+--------+--------+--------+-----+--------+
         Total |   2438 |   2330 |    108 |    148 |   1573 |   4 |  609.5 |
       Dungeon |   2438 |   2330 |    108 |    148 |   1573 |   4 |  609.5 |
               +--------+--------+--------+--------+--------+-----+--------+

Top non-repeatable levels by time:
     D:1: 787 daAuts
     D:2: 754 daAuts
     D:3: 687 daAuts
     D:4: 209 daAuts
